 Dungeon Crawl Stone Soup version 0.16-a0-1183-g5b05a17 (webtiles) character file.

29841 Kashira the Severer (level 13, 79/79 HPs)
             Began as a Vine Stalker Berserker on Oct 10, 2014.
             Was the Champion of Trog.
             Got out of the dungeon alive.
             The game lasted 01:37:32 (12991 turns).

Kashira the Severer (Vine Stalker Berserker)       Turns: 12991, Time: 01:37:32

Health: 79/79      AC: 18    Str: 32    XL:     13   Next: 47%
Magic:  25/25      EV: 11    Int: 14    God:    Trog [******]
Gold:   405        SH:  0    Dex: 17    Spells: 0 memorised, 12 levels left

rFire  . . .     SeeInvis +     Q - +9 battleaxe (freeze)
rCold  . . .     Rnd*Rage +     t - +4 scale mail of the Ward {+Rage SInv}
rNeg   . . .     SustAb   .     (no shield)
rPois  .         Gourm    .     (helmet restricted)
rElec  .         Spirit   +     U - +3 cloak of Tartarus {Str+3 Dex+3}
rCorr  .         Warding  .     n - +0 pair of gloves
rMut   .         Stasis   .     z - +2 pair of boots of Mumblety Peg {Str+3 Int+5}
MR     +....                    (no amulet)
Stlth  ..........               d - +1 ring of strength
                                F - ring of flight

@: somewhat resistant to hostile enchantments, extremely unstealthy
A: fangs 3, horns 1, repulsion field 1, berserk 2, clever 1, regeneration 3,
robust 1, magic shield, antimagic bite, no device heal 3, rot immunity
a: Burn Spellbooks, Berserk, Trog's Hand, Brothers in Arms, Renounce Religion,
Evoke Berserk Rage, Evoke Flight


You escaped.
You worshipped Trog.
Trog was exalted by your worship.
You were very hungry.

You visited 3 branches of the dungeon, and saw 19 of its levels.
You also visited: Sewer and Ossuary.

You collected 1806 gold pieces.
You spent 1401 gold pieces at shops.

Inventory:

Hand weapons
 a - the +5 double sword of Lacuamy {slice, rF+ rC- SInv}
   (Trog gifted it to you on level 1 of the Lair of Beasts)

   It inflicts extra damage upon your enemies.
   It protects you from fire.
   It makes you vulnerable to cold.
   It enhances your eyesight.
 Q - a +9 battleaxe of freezing (weapon)
 Y - a cursed +1 antimagic executioner's axe
Missiles
 Z - 3 javelins (quivered)
Armour
 n - a +0 pair of gloves (worn)
 p - the +0 robe of Honesty {+Rage rElec}
   (You found it on level 1 of the Lair of Beasts)

   It insulates you from electricity.
   It lets you go berserk.
 t - the +4 scale mail of the Ward (worn) {+Rage SInv}
   (You bought it in a shop on level 1 of the Orcish Mines)

   It enhances your eyesight.
   It lets you go berserk.
 z - the +2 pair of boots of Mumblety Peg (worn) {Str+3 Int+5}
   (You found it on level 1 of the Lair of Beasts)

   It affects your strength (+3).
   It affects your intelligence (+5).
 T - a +0 scale mail of fire resistance
 U - the +3 cloak of Tartarus (worn) {Str+3 Dex+3}
   (You bought it in a shop on level 1 of the Orcish Mines)

   It affects your strength (+3).
   It affects your dexterity (+3).
 X - a +0 chain mail of cold resistance
Magical devices
 v - a wand of disintegration (7)
 w - a wand of fireball (4)
 D - a wand of enslavement (1)
 K - a wand of confusion (12)
 N - a wand of lightning (4)
Comestibles
 b - 15 royal jellies
 c - 5 bread rations
 m - 8 fruits
 s - a meat ration
Scrolls
 f - 3 scrolls of identify
 i - a scroll of blinking
 k - a scroll of remove curse
 u - 3 scrolls of fog
 y - 6 scrolls of teleportation
 A - a scroll of recharging {unknown}
 L - a scroll of magic mapping
Jewellery
 d - a +1 ring of strength (right hand)
 l - an uncursed ring of see invisible
 q - an uncursed amulet of clarity {unknown}
 x - an uncursed amulet of stasis {unknown}
 E - an uncursed ring of fire
 F - a ring of flight (left hand)
 M - an uncursed ring of sustain abilities
Potions
 e - 2 potions of agility
 g - 7 potions of curing
 h - 7 potions of haste
 j - 4 potions of resistance
 o - 2 potions of restore abilities
Books
 r - a book of Enchantments

   Spells                             Type                      Level
   Tukima's Dance                     Hexes                        3
   Cause Fear                         Hexes                        4
   Silence                            Hexes/Air                    5
   Deflect Missiles                   Charms/Air                   6
   Haste                              Charms                       6
   Discord                            Hexes                        8
   Trog disapproves of the use of such an item.
Miscellaneous
 C - a stone of tremors


   Skills:
 + Level 10.3 Fighting
 * Level 16.1 Axes
 - Level 1.6 Armour
 - Level 1.5 Dodging
 - Level 1.1 Stealth
 * Level 7.7 Evocations


You had 12 spell levels left.
You didn't know any spells.

Dungeon Overview and Level Annotations

Branches:
Dungeon (11/15)            Temple (0/1) D:6             Orc (4/4) D:9
    Elf (0/3) Orc:3          Lair (4/8) D:11         Spider (0/5) Lair:3
  Swamp: Lair:3-6    Shoals: Lair:3-6

Altars:
Fedhas
Ru
Sif Muna
Xom
Zin
The Shining One

Shops:
D:5 (   D:10 (   D:11 =   Orc:1 [=:(   Orc:3 *   Orc:4 [[[[*

Annotations:
D:8 exclusion: 2 oklob saplings


Innate Abilities, Weirdness & Mutations

You have razor-sharp teeth.
You regenerate.
When hurt, damage is shared between your health and your magic reserves.
Your bite disrupts and absorbs the magic of your enemies.
Potions and wands cannot restore your health.
You are immune to rotting.
You have a pair of small horns on your head.
You are surrounded by a mild repulsion field (EV +2).
You often lose your temper in combat.
Your mind is acute. (Int +2)
You are robust (+10% HP).


Message History

All of the chunks of flesh in your inventory have rotted away.
There is an open door here.
There is a stone staircase leading up here.
You climb upwards.
There is a stone staircase leading down here.
There is an open door here.
You are feeling very hungry.
There is an escape hatch in the ceiling here.
A mysterious force pulls you upwards. The hatch slams shut behind you.
(D) Dungeon (T) Temple (O) Orcish Mines (E) Elven Halls (L) Lair (N) Spider Nest
Where to? (* - list waypoints, Enter - D:1, ? - help)
There is an open door here.
There is a fountain of clear blue water here.
There is a stone staircase leading up, spattered with blood here.
You climb upwards.
There is a stone staircase leading down here.
There is a staircase leading out of the dungeon here.
Are you sure you want to leave the Dungeon?
This will make you lose the game!
You have escaped!

#.# ####......................#.
##.######......................#.
....)............#.............#.
................###............##
#.#####..........#.............#
#.# #.................######.#
#.# #.#....#...#>..#.........##
#.# #.#...###.###.###...#######
#.# #.#.#..#..@#...#..#.# # #.#
#.#...............#.# #### #.#
#.#........#......#.# #... #.#
#.#.#.....###.......# #.[.
#'#####'#.#......#........# #...
..........#.............#.# #...
..........###########..##.# #...
..........##### #.......#.# #...
..........#...###.#####.#.# #...


There were no monsters in sight!

Vanquished Creatures
  A hydra (Lair:1)
  Erica (Lair:1)
  A death yak (Lair:3)
  Urug (Orc:3)
  An orc high priest (Orc:4)
  4 orc knights (Orc:4)
  2 hill giants (D:11)
  2 orc sorcerers (Orc:4)
  3 elephants (Lair:2)
  A black mamba (Lair:3)
  4 spiny frogs
  A torpor snail (Lair:3)
  5 komodo dragons
  3 fire drakes
  A wandering mushroom (D:8)
  2 trolls
  A queen bee (Lair:1)
  2 two-headed ogres (D:11)
  2 polar bears (D:10)
  11 blink frogs
  2 ravens (D:10)
  11 yaks
  2 wyverns
  Grum (Orc:3)
  2 hippogriffs
  8 wolves
  7 porcupines
  2 sky beasts
  3 water moccasins
  16 orc warriors
  2 black bears
  2 ice beasts (D:10)
  4 centaurs
  8 ogres
  A big kobold (D:11)
  3 crocodiles
  Duvessa (D:6)
  4 elf zombies (Ossuary)
  A hill giant simulacrum (D:10)
  8 giant frogs
  30 killer bees
  2 scorpions
  2 yak skeletons
  2 electric eels (D:10)
  4 wights (D:10)
  Dowan (D:6)
  A crimson imp (D:9)
  4 centaur zombies
  7 hounds
  3 goliath beetles
  A jelly (D:6)
  5 human zombies (Ossuary)
  16 orc priests
  22 orc wizards
  2 gnoll shamans
  Natasha (D:3)
  3 iguanas
  A quasit (D:8)
  7 worker ants
  A sheep (D:6)
  A crocodile skeleton (D:10)
  Terence (D:3)
  4 mummies
  10 gnolls
  12 adders
  35 green rats
  7 white imps (D:10)
  A worker ant simulacrum (D:10)
  3 giant mites
  2 shadow imps
  2 worms
  An ufetubus (D:10)
  An adder zombie (D:8)
  2 orc skeletons
  5 giant geckos
  110 orcs
  5 giant cockroaches
  19 hobgoblins
  15 jackals
  26 kobolds
  11 quokkas
  5 ball pythons
  9 bats
  10 giant newts
  3 giant spores
  13 goblins
  A kobold skeleton (D:7)
  2 orc zombies (Orc:4)
  A quokka skeleton (D:7)
  15 rats
  5 rat skeletons (Orc:4)
  2 rat zombies (D:7)
  5 ballistomycetes
  3 fungi
  5 plants
604 creatures vanquished.

Vanquished Creatures (collateral kills)
  2 orc high priests (Orc:4)
  An orc sorcerer (Orc:4)
  A manticore (D:11)
  An orc knight (Orc:4)
  A smoke demon (Orc:4)
  A wandering mushroom (D:8)
  A hill giant zombie (D:8)
  4 killer bees (D:8)
  An orc priest (Orc:4)
  An orc wizard (Orc:4)
  A giant mite (D:8)
  A quokka (D:8)
16 creatures vanquished.

Vanquished Creatures (others)
  A two-headed ogre (D:8)
  4 sheep (D:6)
  A shadow imp (D:6)
  2 rat skeletons (Orc:4)
8 creatures vanquished.

Grand Total: 628 creatures vanquished

Notes
Turn   | Place    | Note
--------------------------------------------------------------
     0 | D:1      | Kashira, the Vine Stalker Berserker, began the quest for the Orb.
     0 | D:1      | Reached XP level 1. HP: 11/11 MP: 1/1
   109 | D:1      | Reached XP level 2. HP: 14/16 MP: 3/3
   126 | D:1      | Reached skill level 3 in Axes
   907 | D:2      | Reached XP level 3. HP: 16/20 MP: 1/4
   915 | D:2      | Acquired Trog's second power
  1631 | D:3      | Reached XP level 4. HP: 20/25 MP: 3/5
  1991 | D:3      | Noticed Natasha
  2000 | D:3      | Killed Natasha
  2000 | D:3      | Reached skill level 4 in Axes
  2000 | D:3      | Reached XP level 5. HP: 18/29 MP: 5/7
  2054 | D:3      | Noticed Terence
  2067 | D:3      | Killed Terence
  2167 | D:3      | Reached skill level 1 in Stealth
  2643 | D:4      | Acquired Trog's third power
  2826 | D:4      | Found a sacrificial altar of Ru.
  2828 | D:4      | Found a glowing golden altar of the Shining One.
  2856 | D:4      | Gained mutation: You heal very quickly. [vine stalker growth]
  2856 | D:4      | Reached XP level 6. HP: 27/33 MP: 6/8
  2993 | D:5      | Entered Level 5 of the Dungeon
  3088 | D:5      | Found Zin's Purification Station.
  3093 | D:5      | Found a glowing silver altar of Zin.
  3096 | D:5      | Bought a potion of curing for 60 gold pieces
  3110 | D:5      | Reached skill level 5 in Axes
  3141 | D:5      | Found a glowing drain.
  3181 | Sewer    | Entered a sewer
  3628 | D:5      | Reached XP level 7. HP: 24/38 MP: 6/9
  3750 | D:5      | Found a deep blue altar of Sif Muna.
  3847 | D:5      | Found Wirghoo's Antique Weapon Boutique.
  3913 | D:6      | Reached skill level 6 in Axes
  3982 | D:6      | Reached skill level 5 in Fighting
  4027 | D:6      | Noticed Duvessa
  4028 | D:6      | Noticed Dowan
  4047 | D:6      | Killed Duvessa
  4050 | D:6      | Killed Dowan
  4094 | D:6      | Found a staircase to the Ecumenical Temple.
  4208 | D:6      | Gained mutation: You have razor-sharp teeth. [vine stalker growth]
  4208 | D:6      | Reached XP level 8. HP: 39/44 MP: 11/11
  4279 | D:6      | Reached skill level 7 in Axes
  4394 | D:6      | Gained mutation: You are surrounded by a mild repulsion field (EV +2). [mutagenic meat]
  4395 | D:6      | Gained mutation: You have a pair of small horns on your head. [mutagenic meat]
  4396 | D:6      | Gained mutation: You are robust (+10% HP). [mutagenic meat]
  4589 | D:6      | Found a shimmering altar of Xom.
  4685 | D:7      | Reached skill level 8 in Axes
  4748 | D:7      | Found a sand-covered staircase.
  4765 | Ossuary  | Entered an ossuary
  4809 | Ossuary  | Reached skill level 1 in Evocations
  4895 | Ossuary  | Reached XP level 9. HP: 40/53 MP: 10/14
  5003 | D:7      | Reached skill level 9 in Axes
  5714 | D:8      | Reached skill level 10 in Axes
  5798 | D:8      | Noticed a wandering mushroom
  5864 | D:8      | Noticed a wandering mushroom
  5866 | D:8      | Found a blossoming altar of Fedhas.
  5866 | D:8      | Noticed a wandering mushroom
  5866 | D:8      | Noticed a wandering mushroom
  5878 | D:8      | Killed a wandering mushroom
  5894 | D:8      | a wandering mushroom (ally) was killed
  5931 | D:8      | Reached XP level 10. HP: 60/60 MP: 15/18
  6477 | D:9      | Found a staircase to the Orcish Mines.
  6837 | D:9      | Reached skill level 11 in Axes
  6852 | D:9      | Received a gift from Trog
  7064 | Orc:1    | Entered Level 1 of the Orcish Mines
  7168 | Orc:1    | Found Thawuuf's Antique Armour Emporium.
  7175 | Orc:1    | Found Udaa's Jewellery Boutique.
  7240 | Orc:1    | Bought a transparent cloak for 218 gold pieces
  7246 | Orc:1    | Identified the +3 cloak of Tartarus {Str+3 Dex+3} (You bought it in a shop on level 1 of the Orcish Mines)
  7246 | Orc:1    | Bought an encrusted chain mail for 218 gold pieces
  7257 | Orc:1    | Identified the cursed +0 chain mail of the Maze {Str+3 Dex-3} (You bought it in a shop on level 1 of the Orcish Mines)
  7302 | Orc:1    | Found Ingown's Book Emporium.
  7368 | Orc:1    | Found Waudac's Weapon Emporium.
  7375 | Orc:1    | Received a gift from Trog
  7405 | Orc:1    | Found a shimmering altar of Xom.
  7571 | Orc:3    | Noticed Grum
  7572 | Orc:3    | Noticed Urug
  7581 | Orc:3    | Killed Urug
  7583 | Orc:3    | Killed Grum
  7700 | Orc:3    | Reached skill level 12 in Axes
  7732 | Orc:3    | Found Grol's Assorted Antiques.
  7778 | Orc:3    | Bought a scroll of blinking for 187 gold pieces
  7778 | Orc:3    | Bought a fizzy blue potion for 22 gold pieces
  7778 | Orc:3    | Bought a cyan potion for 22 gold pieces
  7778 | Orc:3    | Bought a scroll labeled FERUW TOAKHLU for 25 gold pieces
  7778 | Orc:3    | Bought a scroll of identify for 50 gold pieces
  7778 | Orc:3    | Bought a scroll of fog for 50 gold pieces
  7798 | Orc:3    | Reached XP level 11. HP: 42/66 MP: 15/21
  7904 | Orc:3    | Found a staircase to the Elven Halls.
  8029 | Orc:4    | Entered Level 4 of the Orcish Mines
  8080 | Orc:4    | Received a gift from Trog
  8113 | Orc:4    | Noticed an orc knight
  8184 | Orc:4    | Killed an orc knight
  8184 | Orc:4    | Reached skill level 5 in Evocations
  8295 | Orc:4    | Noticed an orc knight
  8320 | Orc:4    | Killed an orc knight
  8421 | Orc:4    | Noticed an orc high priest
  8422 | Orc:4    | Noticed an orc high priest
  8424 | Orc:4    | Noticed an ice devil
  8424 | Orc:4    | Noticed an ice devil
  8424 | Orc:4    | Noticed an orc knight
  8426 | Orc:4    | Noticed an orc high priest
  8426 | Orc:4    | Killed an orc high priest
  8433 | Orc:4    | Killed an orc high priest
  8433 | Orc:4    | Reached skill level 13 in Axes
  8435 | Orc:4    | Killed an orc high priest
  8445 | Orc:4    | Killed an orc knight
  8466 | Orc:4    | Noticed an orc knight
  8473 | Orc:4    | Killed an orc knight
  8531 | Orc:4    | Found Gaomaa's Antique Armour Shoppe.
  8537 | Orc:4    | Found Stroucsau's Antique Armour Boutique.
  8538 | Orc:4    | Found Klaow's Antique Armour Shoppe.
  8539 | Orc:4    | Found Ceixouli's Antique Armour Boutique.
  8555 | Orc:4    | Bought a dazzling chain mail for 237 gold pieces
  8567 | Orc:4    | Identified the cursed -1 chain mail of Daisies {Str+2 SInv} (You bought it in a shop on level 4 of the Orcish Mines)
  8656 | Orc:4    | Found Isafuan's General Store.
  8693 | Orc:4    | Bought a scroll of silence for 105 gold pieces
  8703 | Orc:4    | Noticed an orc knight
  8711 | Orc:4    | Killed an orc knight
  8711 | Orc:4    | Received a gift from Trog
  9043 | Orc:1    | Bought a shimmering scale mail for 207 gold pieces
  9054 | Orc:1    | Identified the +4 scale mail of the Ward {+Rage SInv} (You bought it in a shop on level 1 of the Orcish Mines)
  9104 | D:10     | Entered Level 10 of the Dungeon
  9160 | D:10     | Found Phech's Antique Weapon Shop.
  9390 | D:10     | Gained mutation: You regenerate. [vine stalker growth]
  9390 | D:10     | Reached XP level 12. HP: 61/72 MP: 17/23
  9548 | D:10     | Got a pitted scale mail
  9559 | D:10     | Identified the cursed -2 scale mail "Emiceorha" {rN+ SInv} (You found it on level 10 of the Dungeon)
  9601 | D:10     | Gained mutation: You tend to lose your temper in combat. [mutagenic meat]
  9602 | D:10     | Gained mutation: You often lose your temper in combat. [mutagenic meat]
  9603 | D:10     | Gained mutation: Your mind is acute. (Int +2) [mutagenic meat]
  9680 | D:10     | Identified a scroll of acquirement
  9684 | D:10     | Got a jade-encrusted leather armour
  9695 | D:10     | Identified the cursed -2 leather armour of Duty {+Inv} (You found it on level 10 of the Dungeon)
  9763 | D:10     | Reached skill level 14 in Axes
  9994 | D:11     | Received a gift from Trog
 10200 | D:11     | Found Froankiw's Jewellery Shop.
 10317 | D:11     | Found a staircase to the Lair.
 10436 | Lair:1   | Entered Level 1 of the Lair of Beasts
 10640 | Lair:1   | Noticed a seven-headed hydra
 10644 | Lair:1   | Killed a nine-headed hydra
 10686 | Lair:1   | Received a gift from Trog
 10711 | Lair:1   | Got a twisted double sword {god gift}
 10712 | Lair:1   | Identified the +5 double sword of Lacuamy {slice, rF+ rC- SInv} (Trog gifted it to you on level 1 of the Lair of Beasts)
 10729 | Lair:1   | Reached skill level 15 in Axes
 10985 | Lair:1   | Got an ancient robe
 10996 | Lair:1   | Identified the cursed +0 robe of Honesty {+Rage rElec} (You found it on level 1 of the Lair of Beasts)
 11020 | Lair:1   | Noticed Erica
 11032 | Lair:1   | Killed Erica
 11146 | Lair:1   | Got a pair of dazzling boots
 11157 | Lair:1   | Identified the +2 pair of boots of Mumblety Peg {Str+3 Int+5} (You found it on level 1 of the Lair of Beasts)
 11212 | Lair:1   | Reached XP level 13. HP: 62/79 MP: 19/25
 11346 | Lair:2   | Reached skill level 10 in Fighting
 11459 | Lair:2   | Received a gift from Trog
 12152 | Lair:3   | Reached skill level 16 in Axes
 12256 | Lair:3   | Found a hole to the Spider Nest.
 12991 | D:$      | Got out of the dungeon alive.

Action                   |  1- 3 |  4- 6 |  7- 9 | 10-12 | 13-15 || total
-------------------------+-------+-------+-------+-------+-------++-------
Melee: Hand axe          |   123 |   228 |   353 |    99 |       ||   803
       Battleaxe         |       |       |       |   429 |   121 ||   550
Throw: Tomahawk          |       |       |     6 |       |       ||     6
       Javelin           |       |       |       |     8 |       ||     8
Invok: Berserk           |       |     5 |     7 |     3 |       ||    15
       Brothers in Arms  |       |       |     2 |     2 |       ||     4
       Trog's Hand       |       |       |     1 |     3 |       ||     4
Evoke: Wand              |       |     1 |     6 |     1 |       ||     8
  Use: Scroll            |     4 |     9 |    10 |    14 |       ||    37
       Potion            |       |       |     2 |     1 |       ||     3
 Stab: Sleeping          |       |     3 |     2 |     1 |       ||     6
  Eat: Meat ration       |     1 |     1 |       |       |       ||     2
       Chunk             |       |     4 |    12 |    18 |     4 ||    38
       Bread ration      |       |       |     1 |     2 |       ||     3
       Fruit             |       |       |     1 |       |       ||     1
       Beef jerky        |       |       |       |     1 |       ||     1
       Pizza             |       |       |       |     1 |       ||     1
